cohdb
Replays
Latest Replays
All Replays
Popular Replays
Top Player Replays
Match Explorer
How It Works
Community
CoH3 Stats
Reddit
Sign in to upload your games and track your stats! →
Sign in with Steam
Match 42122880
Unlisted
Match 42122880
Overview
Messages
Build Orders
End
Selects Italian Combined Arms Battlegroup
Selects Bersaglieri Squad
Bersaglieri Squad
Panzergrenadier Squad
Construct Light Support Kompanie
Bersaglieri Squad
Selects Bersaglieri Bolster
Combat Half-tracks
2.5-tonne Medical Truck
250 Light Carrier
Fire Support Elements
MG34 Team
Selects Breda Model 30 Light Machine Guns
le.IG 18 Mechanized Group
Pak 38 Anti-tank Gun Team
Construct Panzerarmee Kommand
Bersaglieri Squad
Selects Semovente da 75/18 Assault Gun
Rapid Advance
萩叭哔呣牛牛
狂歌
Moltke1871
Free Hongkong Free Tibet
JVevermore
피그말랑효과
Skeletor
|||||||||||||||||||||||||
0
0
Comments
sign in to comment!
No comments posted yet!